 Dungeon Crawl Stone Soup version 0.22.0-27-ga576289 (console) character file.

145 removed the Charmwright (level 5, -5/30 HPs)
             Began as a Deep Elf Skald on Aug 21, 2018.
             Killed from afar by Sigmund (8 damage)
             ... with a puff of flame
             ... on level 3 of the Dungeon.
             The game lasted 00:09:04 (3468 turns).

removed the Charmwright (Deep Elf Skald)            Turns: 3468, Time: 00:09:05

Health: -5/30      AC:  4    Str:  8    XL:     5   Next: 6%
Magic:  7/11       EV: 13    Int: 24    God:
Gold:   161        SH:  0    Dex: 14    Spells: 1/10 levels left

rFire    . . .     SeeInvis .   a - +0 long sword
rCold    . . .     Gourm    .   (no shield)
rNeg     . . .     Faith    .   b - +0 leather armour
rPois    .         Spirit   .   (no helmet)
rElec    .         Reflect  .   (no cloak)
rCorr    .         Harm     .   q - +0 pair of gloves
MR       .....                  (no boots)
Stlth    +.........             (no amulet)
HPRegen  0.10/turn              (no ring)
MPRegen  0.12/turn              (no ring)

@: brilliant, infused (expiring), flying
A: no striking features
a: no special abilities


You were on level 3 of the Dungeon.
You were not hungry.

You visited 1 branch of the dungeon, and saw 3 of its levels.

You collected 161 gold pieces.

Inventory:

Hand Weapons
 a - a +0 long sword (weapon)
 j - a +0 falchion
Missiles
 s - 4 poisoned javelins (quivered)
Armour
 b - a +0 leather armour (worn)
 q - a +0 pair of gloves (worn)
Scrolls
 e - 2 scrolls of identify {unknown}
 f - 2 scrolls of magic mapping {unknown}
 i - 3 scrolls of remove curse {unknown}
 m - 2 scrolls of enchant armour {unknown}
 n - a scroll of amnesia {unknown}
 o - a scroll of fear {unknown}
Potions
 l - a potion of lignification {unknown}
 p - a potion of flight
Comestibles
 d - 4 rations
 r - 4 chunks of flesh


   Skills:
 - Level 1.9 Fighting
 + Level 4.0 Long Blades
 - Level 0.7 Armour
 - Level 4.0 Dodging
 - Level 3.0 Spellcasting
 - Level 4.4 Charms


You had one spell level left.
You knew the following spells:

 Your Spells              Type           Power        Failure   Level  Hunger
a - Infusion              Chrm           ####         1%          1    None
b - Shroud of Golubria    Chrm/Tloc      ####......   1%          2    ##.....
e - Regeneration          Chrm/Necr      ####......   2%          3    ###....
w - Spectral Weapon       Hex/Chrm       ####....     2%          3    ###....

Your spell library contained the following spells:

 Spells                   Type           Power        Failure   Level  Hunger
 Song of Slaying          Chrm           #####...     1%          2    ##.....


Dungeon Overview and Level Annotations

Branches:
Dungeon (3/15)

Altars:
Ashenzari
Cheibriados
Sif Muna

Annotations:
D:2 exclusion: downstairs
D:3 Grinder, Sigmund


Message History

You hear some strange, mumbled words.
A magic dart appears from out of thin air!
The magic dart hits you!
Unknown command.
You feel better.
Your magical infusion is running out.
You hear some strange, mumbled words.
A magic dart appears from out of thin air!
The magic dart hits you!
You miss something. Something hits you!
* * * LOW HITPOINT WARNING * * *
It was a potion of flight.
You feel very buoyant.
You fly up into the air.
It was a potion of brilliance.
You feel clever all of a sudden.
You hear some strange, mumbled words.
A puff of flame appears from out of thin air!
The puff of flame hits you!
You die...

.### ## ... ..# ..#
..# ######### ..#
#.......#### ..#
#.......... ..#
#.......# ..#
#...{@..#
..###############.##
................#.#
.##############.#.#
.# #.#.# .# #.#.# .#
#.#.# ># #.#.#
############ #.#.#


There were no monsters in sight!

Vanquished Creatures
  Robin (D:3)
  5 adders
  3 oozes
  2 dart slugs (D:1)
  3 leopard geckos
  An orc (D:3)
  10 bats
  5 giant cockroaches
  13 goblins
  11 hobgoblins
  2 jackals (D:2)
  A kobold (D:3)
  2 quokkas
  A frilled lizard (D:1)
  3 rats
63 creatures vanquished.

Notes
Turn   | Place    | Note
-------+----------+-------------------------------------------
     0 | D:1      | removed the Deep Elf Skald began the quest for the Orb.
     0 | D:1      | Reached XP level 1. HP: 12/12 MP: 6/6
   221 | D:1      | Reached XP level 2. HP: 16/16 MP: 5/8
   225 | D:1      | Learned a level 2 spell: Shroud of Golubria
   902 | D:1      | Reached XP level 3. HP: 19/20 MP: 4/9
   994 | D:1      | Learned a level 3 spell: Regeneration
  1860 | D:2      | Found a snail-covered altar of Cheibriados.
  2157 | D:2      | Found a shattered altar of Ashenzari.
  2162 | D:2      | Reached XP level 4. HP: 25/25 MP: 4/10
  2437 | D:2      | Found a deep blue altar of Sif Muna.
  2567 | D:3      | Learned a level 3 spell: Spectral Weapon
  2646 | D:3      | Noticed Robin
  2690 | D:3      | Killed Robin
  2795 | D:3      | Noticed Grinder
  3179 | D:3      | Reached XP level 5. HP: 26/30 MP: 4/11
  3446 | D:3      | Noticed Sigmund
  3468 | D:3      | Killed from afar by Sigmund

Skill      XL: |  1  2  3  4 |
---------------+-------------+-----
Long Blades    | 2 3 4 |  4.0
Dodging        | 4 |  4.0
Fighting       | |  1.9
Armour         | |  0.7
Spellcasting   | |  3.0
Charms         | |  4.4

Action                   |  1- 3 |  4- 6 || total
-------------------------+-------+-------++-------
Melee: Falchion          |    42 |       ||    42
       Long sword        |    15 |    87 ||   102
 Cast: Infusion          |    30 |    16 ||    46
       Shroud of Golubri |    22 |    12 ||    34
  Use: Potion            |       |     4 ||     4
 Stab: Sleeping          |     1 |     1 ||     2
  Eat: Chunk             |     5 |     5 ||    10
Armor: Leather armour    |    21 |    21 ||    42
Dodge: Dodged            |    46 |    65 ||   111
       Rpst.: Falchion   |    13 |       ||    13
       Long sword        |     7 |    23 ||    30
